 Dungeon Crawl Stone Soup version 0.28.0 (webtiles) character file.

Game seed: 11071893706737813372

72 krispywithak the Skirmisher (level 4, -3/40 HPs)
             Began as a Draconian Berserker on Feb 4, 2022.
             Was an Initiate of Dithmenos.
             Slain by a polar bear (21 damage)
             ... created by the rage of Trog
             ... on level 3 of the Dungeon.
             The game lasted 00:06:18 (3085 turns).

krispywithak the Skirmisher (Draconian Berserker)   Turns: 3085, Time: 00:06:24

Health: -3/40      AC:  5    Str: 20    XL:     4   Next: 6%
Magic:  4/4        EV: 12    Int:  7    God:    Dithmenos [......]
Gold:   46         SH:  0    Dex: 12    Spells: 3/3 levels left

rFire   . . .      SeeInvis .   i - +0 whip
rCold   . . .      Faith    .   (no shield)
rNeg    . . .      Spirit   .   (armour unavailable)
rPois   .          Reflect  .   (helmet restricted)
rElec   .          Harm     .   (no cloak)
rCorr   .          Rampage  .   (no gloves)
Will    .....                   (no boots)
Stlth   +.........              (no amulet)
HPRegen 0.13/turn               (no ring)
MPRegen 0.09/turn               (no ring)

@: no status effects
A: AC +5, unfitting armour, cold-blooded
a: Renounce Religion


You were on level 3 of the Dungeon.
You worshipped Dithmenos.
Dithmenos was noncommittal.
You visited 1 branch of the dungeon, and saw 3 of its levels.

You collected 46 gold pieces.

Inventory:

Hand Weapons
 a - a +0 mace
 i - a +0 whip (weapon)
 m - a +0 hunting sling
Missiles
 b - 38 bolts
 d - a javelin (quivered)
 e - 75 stones
Armour
 c - a +0 leather armour
 h - a +0 robe
 j - a +0 chain mail
Jewellery
 o - a ring of protection from cold
Scrolls
 f - a scroll of noise {unknown}
 g - a scroll of identify {unknown}
 k - a scroll of teleportation {unknown}
 n - a scroll of vulnerability {unknown}
 p - a scroll of enchant weapon {unknown}
Potions
 l - a potion of attraction {unknown}


   Skills:
 + Level 4.0 Fighting
 + Level 3.7 Maces & Flails
 + Level 0.9 Throwing
 + Level 3.1 Dodging
 + Level 0.8 Stealth


You had 3 spell levels left.
You didn't know any spells.
Your spell library was empty.

Dungeon Overview and Level Annotations

Branches:
Dungeon (3/15)

Altars:
Dithmenos

Annotations:
D:3 1 runed translucent door, Duder's ghost, amateur MiBe


Innate Abilities, Weirdness & Mutations

Your plain brown scales are hard. (AC +5)
You cannot fit into any form of body armour.
You are cold-blooded and may be slowed by cold attacks.


Message History

Things that are here:
a +0 dagger; a goblin corpse; a jackal corpse What are your orders? t - Shout!
Orders for allies: a - Attack new target. r - Retreat! s - Stop attacking. g - Guard the area. f - Follow me.
Anything else - Cancel.
Okay, then.
You start resting.
HP restored.
You start waiting.
You start waiting.
Trog sends monsters to punish you. 5 polar bears come into view.
There are monsters nearby!
There are monsters nearby!
There are monsters nearby!
There are monsters nearby!
There are monsters nearby!
There are monsters nearby!
There are monsters nearby!
There are monsters nearby!
There are monsters nearby!
There are monsters nearby!
There are monsters nearby!
You hit the polar bear but do no damage.
Your tail-slap misses the polar bear.
You barely miss the polar bear. The polar bear bites you!!
Ouch! That really hurt!
The polar bear claws you but does no damage.
The polar bear barely misses you. x2; The polar bear closely misses you.
The polar bear barely misses you.
You hit the polar bear but do no damage.
You punch the polar bear, but do no damage.
The polar bear bites you. The polar bear barely misses you.
The polar bear claws you but does no damage.
The polar bear bites you!!
Ouch! That really hurt!
You die...

..## #. ...#.
#.##.#.##
........#####
##..........#
#.#.##.###.#
##.#. #h#
#..#. #h# ...
#@# # #.##h#
# #..hh#
#..### #..#
##.# #.# #.##
####### #..#


You could see 5 polar bears.

Vanquished Creatures
  A hound (D:3)
  A dart slug (D:3)
  An orc (D:3)
  5 ball pythons
  6 endoplasms
  2 giant cockroaches (D:1)
  2 goblins (D:3)
  A hobgoblin (D:3)
  4 jackals (D:3)
  2 kobolds
  A quokka (D:1)
  2 bats (D:1)
  A frilled lizard (D:1)
  3 rats (D:1)
32 creatures vanquished.

Notes
Turn   | Place    | Note
-------+----------+-------------------------------------------
     0 | D:1      | krispywithak the Draconian Berserker began the quest for
                  | the Orb.
     0 | D:1      | Reached XP level 1. HP: 19/19 MP: 1/1
  1700 | D:1      | Reached XP level 2. HP: 26/26 MP: 2/2
  2433 | D:2      | You fall into a shaft and drop 1 floor!
  2487 | D:3      | Found a runed translucent door.
  2562 | D:3      | Noticed Duder's ghost (amateur MiBe)
  2576 | D:3      | Reached XP level 3. HP: 23/33 MP: 3/3
  2706 | D:3      | Reached skill level 4 in Fighting
  2846 | D:3      | Found a shadowy altar of Dithmenos.
  2880 | D:3      | Fell from the grace of Trog
  2880 | D:3      | Became a worshipper of Dithmenos the Shadowed
  2940 | D:3      | Reached XP level 4. HP: 35/40 MP: 4/4
  3083 | D:3      | Noticed a polar bear
  3083 | D:3      | Noticed a polar bear
  3083 | D:3      | Noticed a polar bear
  3083 | D:3      | Noticed a polar bear
  3083 | D:3      | Noticed a polar bear
  3085 | D:3      | Slain by a polar bear

Illustrated notes

Levels and vault maps discovered:
D:1:      dpeg_arrival_round_c, layout_loops_corners
D:2:      layout_loops_cross, hellmonk_ecumenical_altar_prayer_group
D:3:      layout_loops_ring, mainiacjoe_overflow_surrounded_room,
          nicolae_overflow_crystal_walls, ebering_ghost_sewer_d,
          chequers_serial_rivers_micro_d

Skill      XL: |  1  2  3 |
---------------+----------+-----
Dodging        | 3 |  3.1
Fighting       | 4 |  4.0
Maces & Flails | |  3.7
Throwing       | |  0.9
Stealth        | |  0.8

Action                   |  1- 3 |  4- 6 || total
-------------------------+-------+-------++-------
Melee: Mace              |    26 |       ||    26
       Punch             |     2 |     1 ||     3
       Tailslap          |    10 |     1 ||    11
       Whip              |    53 |    24 ||    77
 Fire: Hunting sling     |     3 |       ||     3
Throw: Javelin           |    11 |       ||    11
       Stone             |    12 |       ||    12
Armor: Skin              |    27 |    11 ||    38
Dodge: Dodged            |    46 |    19 ||    65
